General information
- name: grudge20
- type: Ladder 1vs1/FFA
- host: BEAR_AND
- saver: BEAR_AND
map: ManorChristmas
- players: 5
- length: 11:16
- speed: Fast
- version: 1.21 W3XP
- replay type:

» download(48 KB)
Players
team 1 (winner)
WWGT]Fictious (
dark-green | 145 APM | 1630 actions | 11:15)
4 Priestess of the Moon
2 Trueshot Aura
2 Searing Arrows
» actions
| Assign group hotkey | 145 | |
| Basic commands | 4 | |
| Build / train | 43 | |
| ESC pressed | 21 | |
| Enter build submenu | 16 | |
| Enter hero's abilities submenu | 4 | |
| Remove unit from queue | 2 | |
| Right click | 710 | |
| Select / deselect | 235 | |
| Select group hotkey | 403 | |
| Use ability | 47 | |
1630 total
» units
| Wisp | 16 | |
| Huntress | 14 | |
| Glaive Thrower | 2 | |
32 total
» upgrades
» buildings
| Altar of Elders | 1 | |
| Moon Well | 3 | |
| Hunter's Hall | 1 | |
| Ancient of War | 2 | |
| Ancient Protector | 7 | |
14 total
» build order
00:03 Altar of Elders
00:17 Moon Well
01:54 Hunter's Hall
01:55 Moon Well
01:58 Ancient of War
02:21 Ancient of War
02:35 Moon Well
04:47 Ancient Protector
04:48 Ancient Protector
04:54 Ancient Protector
07:46 Ancient Protector
07:48 Ancient Protector
07:49 Ancient Protector
08:08 Ancient Protector
team 2 (loser)
WWGT]Samuro (
red | 160 APM | 1796 actions | 11:15)
3 Demon Hunter
2 Mana Burn
1 Evasion
2 Naga Sea Witch
1 Frost Arrows
1 Forked Lightning
» actions
| Assign group hotkey | 272 | |
| Basic commands | 11 | |
| Build / train | 48 | |
| Enter build submenu | 17 | |
| Enter hero's abilities submenu | 5 | |
| Remove unit from queue | 6 | |
| Right click | 896 | |
| Select / deselect | 354 | |
| Select group hotkey | 126 | |
| Use ability | 60 | |
1796 total
» units
| Wisp | 9 | |
| Archer | 6 | |
| Forest Troll Berserker | 3 | |
| Forest Troll Shadow Priest | 4 | |
| Dryad | 7 | |
| Huntress | 2 | |
31 total
» buildings
| Altar of Elders | 1 | |
| Moon Well | 5 | |
| Ancient of War | 1 | |
| Hunter's Hall | 1 | |
| Tree of Ages | 3 | |
| Ancient of Lore | 3 | |
| Ancient Protector | 3 | |
17 total
» build order
00:04 Altar of Elders
00:17 Moon Well
00:35 Ancient of War
01:34 Moon Well
02:42 Hunter's Hall
03:00 Tree of Ages
03:00 Tree of Ages
03:01 Tree of Ages
03:14 Moon Well
04:20 Moon Well
05:45 Ancient of Lore
05:46 Ancient of Lore
06:28 Ancient of Lore
08:58 Ancient Protector
08:59 Ancient Protector
08:59 Ancient Protector
09:34 Moon Well
observersBEAR_AND,
Chopstix,
evil_pengoon Chat log
(00:59 / Observers) BEAR_AND: i hope it's hunts & glaive not tech to lores
(01:12 / Observers) BEAR_AND: damn
(01:15 / Observers) BEAR_AND: yes
(01:15 / Observers) evil_pengoon: why aren't there any red creep camps on this map?
(01:17 / Observers) Chopstix: i vote samuro loses cause he lags the most
(01:24 / Observers) BEAR_AND: same reason there aren't on echo isle
(01:26 / Observers) BEAR_AND: or terenas stand
(01:37 / Observers) evil_pengoon: cause the makers dont like fun
(02:23 / Observers) Chopstix: that doesnt take mana away from moon well does it
(02:28 / Observers) BEAR_AND: no
(02:44 / Observers) BEAR_AND: full health aow eat a tree
(02:47 / Observers) evil_pengoon: it would be lol if you could mana burn moonwells
(02:58 / Observers) Chopstix: you used to be able to stun bolt trees
(03:05 / Observers) BEAR_AND: it didn't stun them
(03:10 / Observers) BEAR_AND: just did damage
(03:19 / Observers) BEAR_AND: you could bolt all buildings in early roc
(04:06 / Observers) evil_pengoon: who won last
(04:09 / Observers) evil_pengoon: sam
(04:10 / Observers) evil_pengoon: ?
(04:11 / Observers) BEAR_AND: nope
(04:13 / Observers) BEAR_AND: fictious 1-0
(04:37 / Observers) evil_pengoon: lol
(04:40 / Observers) evil_pengoon: tower ne
(06:33 / Observers) BEAR_AND: ooooh....ouch\
(08:55 / Observers) Chopstix: ruhr oh
(09:08 / Observers) Chopstix: no food to res hero
(10:55 / Observers) Chopstix: naga so slow
(11:00 / Observers) Chopstix: slowest hero in the game can i say?
(11:13 / All) WWGT]Samuro: jesus christ
(11:13 / All) WWGT]Samuro: gg